 Dungeon Crawl Stone Soup version 0.22.0-27-ga576289 (webtiles) character file.

2 Monsterracer the Sneak (level 1, 0/14 HPs)
             Began as a Merfolk Enchanter on Aug 22, 2018.
             Slain by a jackal (2 damage)
             ... on level 1 of the Dungeon.
             The game lasted 00:00:18 (32 turns).

Monsterracer the Sneak (Merfolk Enchanter)            Turns: 32, Time: 00:00:19

Health: 0/14       AC:  2    Str:  8    XL:     1   Next: 40%
Magic:  1/3        EV: 13    Int: 14    God:
Gold:   0          SH:  0    Dex: 14    Spells: 3/4 levels left

rFire    . . .     SeeInvis .   a - +1 dagger
rCold    . . .     Gourm    .   (no shield)
rNeg     . . .     Faith    .   b - +0 robe
rPois    .         Spirit   .   (no helmet)
rElec    .         Reflect  .   (no cloak)
rCorr    .         Harm     .   (no gloves)
MR       .....                  (no boots)
Stlth    ++........             (no amulet)
HPRegen  0.04/turn              (no ring)
MPRegen  0.08/turn              (no ring)

@: no status effects
A: change form in water, swift swim, stealthy swim
a: no special abilities


You were on level 1 of the Dungeon.
You were not hungry.

You visited 1 branch of the dungeon, and saw 1 of its levels.

Inventory:

Hand Weapons
 a - a +1 dagger (weapon)
Armour
 b - a +0 robe (worn)
Comestibles
 c - a ration


   Skills:
 * Level 0.4 Fighting
 * Level 1.5 Short Blades
 - Level 2.6 Dodging
 - Level 3.2 Stealth
 - Level 2.0 Spellcasting
 - Level 3.0 Hexes


You had 3 spell levels left.
You knew the following spells:

 Your Spells              Type           Power        Failure   Level  Hunger
a - Corona                Hex            #......      7%          1    ##.....

Your spell library contained the following spells:

 Spells                   Type           Power        Failure   Level  Hunger
 Ensorcelled Hibernation  Hex/Ice        #.....       19%         2    ###....
 Confuse                  Hex            #.......     21%         3    ####...
 Tukima's Dance           Hex            #.......     21%         3    ####...
 Dazzling Spray           Conj/Hex       #.....       36%         3    ####...


Dungeon Overview and Level Annotations

Branches:
Dungeon (1/15)

Altars:


Message History

c - a ration Welcome, Monsterracer the Merfolk Enchanter.
Will you prevail where others failed? Will you find the Orb of Zot?
Press ? for a list of commands and other information.
Found a scroll labeled MUHA FUDOGRU.
Found a staircase leading out of the dungeon.
Unknown command. 2 jackals come into view.
The jackal barks! x2; You hear an angry hiss.
You hear a bark!
There are monsters nearby!
A jackal comes into view.
A ball python comes into view.
The jackal moves out of view.
Found a chain mail.
A jackal comes into view.
Found 11 gold pieces.
The jackal closely misses you. The jackal misses you.
The jackal bites you but does no damage.
The jackal closely misses you.
The jackal bites you but does no damage.
You barely miss the jackal. The jackal bites you.
You take 1 damage, and have 12/13 hp.
You hit the jackal.
The jackal is heavily wounded.
The jackal barely misses you.
The jackal bites you but does no damage.
You closely miss the jackal.
The jackal is heavily wounded.
The jackal completely misses you.
You closely miss the jackal.
The jackal is moderately wounded.
The jackal bites you.
You take 1 damage, and have 11/13 hp.
You closely miss the jackal. The jackal bites you.
The jackal bites you but does no damage.
You take 3 damage, and have 8/13 hp.
MASSIVE DAMAGE!!
You closely miss the jackal. The jackal barely misses you.
Casting: Corona (safe; 7% risk of failure)
Confirm with . or Enter, or press ? or * to list all spells.
Aiming: Corona (safe; 7% risk of failure)
Press: ? - help, Shift-Dir - straight line, f - jackal
Aim: a jackal (chance to defeat MR: 62%)
The jackal is outlined in light.
The jackal closely misses you.
You now have 2/3 mp.
You hit the jackal.
The jackal is heavily wounded.
The jackal bites you. The jackal barely misses you.
You take 1 damage, and have 7/13 hp.
You hit the jackal.
You kill the jackal!
You closely miss the ball python. The ball python misses you.
The ball python grabs you.
* * * LOW HITPOINT WARNING * * *
The ball python constricts you.
You take 1 damage, and have 6/13 hp.
Unknown command.
You escape the ball python's grasp.
Found four items.
Casting: Corona (safe; 7% risk of failure)
Confirm with . or Enter, or press ? or * to list all spells.
Aiming: Corona (safe; 7% risk of failure)
Press: ? - help, Shift-Dir - straight line, f - ball python
Aim: a ball python (chance to defeat MR: 62%)
The ball python is outlined in light.
The ball python bites you.
* * * LOW HITPOINT WARNING * * *
The ball python closely misses you.
You take 2 damage, and have 4/13 hp.
You now have 1/3 mp.
You hit the ball python but do no damage.
The ball python closely misses you. The ball python grabs you.
The ball python constricts you.
You hit the ball python.
The ball python is moderately wounded.
The ball python barely misses you. The ball python constricts you.
You hit the ball python.
The ball python is severely wounded.
The ball python closely misses you.
* * * LOW HITPOINT WARNING * * *
The ball python constricts you. The ball python bites you.
* * * LOW HITPOINT WARNING * * *
The ball python constricts you.
You take 3 damage, and have 1/13 hp.
MASSIVE DAMAGE!!
You escape the ball python's grasp.
You hit the ball python.
You kill the ball python!
Casting: Corona (safe; 7% risk of failure)
Confirm with . or Enter, or press ? or * to list all spells.
Aiming: Corona (safe; 7% risk of failure)
Press: ? - help, Shift-Dir - straight line, f - jackal
Aim: a jackal (chance to defeat MR: 62%)
The jackal is outlined in light.
You now have 1/3 mp.
You closely miss the jackal. The jackal bites you.
You die...

..# ##### #.#####8<8####
#####?##.........#
..##[##.........#
#.##.##....?....##
#@##..............
.#.#.#h##.#####.#..####
.......h.†..............
......####.########.###.
....## #.# ... ... ...
...h. ## #.... ..[..
#..... .h... ?.$....


You could see 2 jackals.

Vanquished Creatures
  A ball python (D:1)
  A jackal (D:1)
2 creatures vanquished.

Notes
Turn   | Place    | Note
-------+----------+-------------------------------------------
     0 | D:1      | Monsterracer the Merfolk Enchanter began the quest for the Orb.
     0 | D:1      | Reached XP level 1. HP: 13/13 MP: 3/3
    19 | D:1      | HP: 6/13 [ball python (1)]
    24 | D:1      | HP: 3/13 [ball python (1)]
    24 | D:1      | HP: 1/13 [ball python (2)]
    32 | D:1      | Slain by a jackal

Action                   || total
-------------------------++-------
Melee: Dagger            ||    14
 Cast: Corona            ||     3
Armor: Robe              ||     4
Dodge: Dodged            ||    13

Vault maps used:
D:1:      mrwooster_arrival_statue, minmay_misc_feat_cross, nrook_mini_vaults,
          hangedman_feature_mirror
